 Dungeon Crawl Stone Soup version 0.18-a0-1554-g49b38aa (webtiles) character file.

51 Oddball22 the Stinger (level 3, -5/21 HPs)
             Began as an Octopode Venom Mage on Mar 12, 2016.
             Slain by an ice beast (10 damage)
             ... on level 3 of the Dungeon.
             The game lasted 00:09:45 (2732 turns).

Oddball22 the Stinger (Octopode Venom Mage)         Turns: 2732, Time: 00:09:45

Health: -5/21      AC:  1    Str:  7    XL:     3   Next: 81%
Magic:  7/7        EV: 12    Int: 18    God:
Gold:   107        SH:  0    Dex: 12    Spells: 3 memorised, 2 levels left

rFire  . . .     SeeInvis .     f - +2 long sword (elec)
rCold  . . .     Gourm    .     (no shield)
rNeg   . . .     Faith    .     (helmet restricted)
rPois  .         Spirit   .     (no amulet)
rElec  .         Dismiss  .     (no ring)
rCorr  .         Reflect  .     (no ring)
SustAt .         Harm     .     (no ring)
MR     .....                    (no ring)
Stlth  +++.......               (no ring)
                                (no ring)
                                (no ring)
                                (no ring)

@: not resistant to hostile enchantments, fairly stealthy
A: almost no armour, amphibious, 8 rings, constrict 8, camouflage 1, gelatinous
body 1
a: no special abilities


You were on level 3 of the Dungeon.
You were hungry.

You visited 1 branch of the dungeon, and saw 3 of its levels.

You collected 107 gold pieces.

Inventory:

Hand Weapons
 f - a +2 long sword of electrocution (weapon)
Armour
 g - a +0 large shield
Scrolls
 c - 2 scrolls of identify {unknown}
 e - a scroll of fear {unknown}
 h - 2 scrolls of remove curse {unknown}
 k - a scroll of fog {unknown}
 l - a scroll of noise {unknown}
Potions
 d - 3 potions of brilliance {unknown}
 i - a potion of agility {unknown}
 j - a potion of lignification {unknown}
 m - a potion of haste {unknown}
Books
 a - a Young Poisoner's Handbook

   Spells                             Type                      Level
   a - Sting                          Conjuration/Poison           1
   b - Cure Poison                    Poison                       2
   c - Mephitic Cloud                 Conjuration/Poison/Air       3
   d - Olgreb's Toxic Radiance        Poison                       4
   e - Venom Bolt                     Conjuration/Poison           5
Comestibles
 b - 2 bread rations


   Skills:
 - Level 2.0 Dodging
 - Level 2.6 Stealth
 * Level 3.2 Spellcasting
 + Level 5.4 Poison Magic


You had 2 spell levels left.
You knew the following spells:

 Your Spells              Type           Power        Failure   Level  Hunger
a - Sting                 Conj/Pois      ##..         6%          1    None
b - Cure Poison           Pois           ###.......   2%          2    ##.....
c - Mephitic Cloud        Conj/Pois/Air  #.......     24%         3    ###....


Dungeon Overview and Level Annotations

Branches:
Dungeon (3/15)

Altars:
Gozag
Qazlal
Trog
Xom
The Shining One


Innate Abilities, Weirdness & Mutations

You cannot wear most types of armour.
You are amphibious.
You can wear up to eight rings at the same time.
You can use your tentacles to constrict eight enemies at once.
Your skin changes colour to match your surroundings (Stealth).
Your rubbery body absorbs attacks (AC +1).


Message History

There is a stone staircase leading up here.
Things that are here:
16 poisoned needles; a dagger; a blowgun You see here a club.
There is a stone staircase leading up here.
The orc hits you with a hand axe.
Things that are here:
16 poisoned needles; a dagger; a blowgun The orc hits you with a hand axe.
* * * LOW HITPOINT WARNING * * *
You see here a club.
An adder comes into view.
The adder moves out of view.
There is a stone staircase leading up here.
Things that are here:
16 poisoned needles; a dagger; a blowgun The ice beast hits you.
* * * LOW HITPOINT WARNING * * *
The ice beast freezes you!
You die...

. #.####...##..#
#.#.........(..##
#.#.###.#..##.......
... #....# ##....#
#.###.##.# #)#### #
#.....##.# #.#
#.###.####.# #.# #.#
#o# #<####.## ..##.#
#).o..@.#
#.#.#.#########Y.#
#...........o....#
#.###......##.........
# #.#.#...##.#..#####
. #.###.#.###.#..# .
#.# #...# #.#..# .#.#
##..## #.#..# #.##
##.#..# #.#...


You could see an ice beast and an orc (wandering).

Vanquished Creatures
  A dart slug (D:1)
  3 giant geckos
  An orc (D:3)
  4 bats
  2 giant cockroaches
  5 goblins
  8 hobgoblins
  3 kobolds
  3 quokkas
  A giant newt (D:2)
  11 rats
42 creatures vanquished.

Notes
Turn   | Place    | Note
--------------------------------------------------------------
     0 | D:1      | Oddball22 the Octopode Venom Mage began the quest for the Orb.
     0 | D:1      | Reached XP level 1. HP: 11/11 MP: 3/3
   284 | D:1      | Reached skill level 5 in Poison Magic
   321 | D:1      | Reached XP level 2. HP: 9/17 MP: 0/5
   958 | D:2      | Found an opulent altar of Gozag.
   992 | D:2      | Found a stormy altar of Qazlal.
   992 | D:2      | Found a glowing golden altar of the Shining One.
   992 | D:2      | Found a bloodstained altar of Trog.
  1453 | D:2      | Reached XP level 3. HP: 21/21 MP: 2/7
  2126 | D:3      | Learned a level 2 spell: Cure Poison
  2130 | D:3      | Learned a level 3 spell: Mephitic Cloud
  2170 | D:3      | Noticed an ice beast
  2498 | D:3      | Found a shimmering altar of Xom.
  2520 | D:3      | HP: 1/21 [ice beast (13)]
  2732 | D:3      | Slain by an ice beast

Vault maps used:
D:1:      dpeg_arrival_circle_labyrinth_a, dk_noncrumbling_3
D:2:      grunt_temple_overflow_open
D:3:      lemuel_crystal_altar

Skill      XL: |  1  2  3 |
---------------+----------+-----
Poison Magic   | 5 |  5.4
Spellcasting   | 3 |  3.2
Dodging        | |  2.0
Stealth        | |  2.6

Action                   || total
-------------------------++-------
Melee: Unarmed           ||    30
 Cast: Sting             ||    58
       Mephitic Cloud    ||     3
 Stab: Distracted        ||     1
  Eat: Chunk             ||     5
